 Dungeon Crawl Stone Soup version 0.26.1-11-gd32895ea62 (webtiles) character file.

Game seed: 15849305871626968265

11 Zeld the Insei (level 2, 0/18 HPs)
             Began as an Octopode Transmuter on May 28, 2021.
             Slain by a phantom (8 damage)
             ... on level 4 of the Dungeon.
             The game lasted 00:00:44 (1130 turns).

Zeld the Insei (Octopode Transmuter)                Turns: 1130, Time: 00:00:45

Health: 0/18       AC:  1    Str:  9    XL:     2   Next: 25%
Magic:  5/5        EV: 13    Int: 15    God:
Gold:   62         SH:  0    Dex: 12    Spells: 2/5 levels left

rFire    . . .     SeeInvis .     - Unarmed
rCold    . . .     Faith    .   (no shield)
rNeg     . . .     Spirit   .   (helmet restricted)
rPois    .         Reflect  .   (no amulet)
rElec    .         Harm     .   (no ring)
rCorr    .         Rampage  .   (no ring)
Will     .....                  (no ring)
Stlth    ++........             (no ring)
HPRegen  0.06/turn              (no ring)
MPRegen  0.09/turn              (no ring)
                                (no ring)
                                (no ring)

@: no status effects
A: almost no armour, stealthy swim, amphibious, 8 rings, constrict 8, camouflage
1, gelatinous body 1
a: no special abilities


You were on level 4 of the Dungeon.
You visited 1 branch of the dungeon, and saw 4 of its levels.

You collected 62 gold pieces.

Inventory:

Scrolls
 b - a scroll of remove curse {unknown}
 c - 2 scrolls of enchant armour {unknown}
 d - a scroll of enchant weapon {unknown}
Potions
 a - a potion of curing {unknown}
 e - a potion of attraction {unknown}


   Skills:
 + Level 1.2 Fighting
 + Level 2.1 Dodging
 - Level 3.0 Unarmed Combat
 * Level 2.2 Spellcasting
 * Level 2.3 Transmutations


You had 2 spell levels left.
You knew the following spells:

 Your Spells              Type           Power        Failure   Level
a - Beastly Appendage     Tmut           16%          9%          1
b - Wereblood             Tmut           8%           13%         2

Your spell library contained the following spells:

 Spells                   Type           Power        Failure   Level
 Spider Form              Tmut/Pois      2%           38%         3
 Confusing Touch          Hex            1%           54%         3
 Gell's Gravitas          Tloc           0%           54%         3
 Ice Form                 Ice/Tmut       5%           80%         4
 Petrify                  Tmut/Erth      5%           80%         4
 Blade Hands              Tmut           4%           93%         5
 Yara's Violent Unravell  Hex/Tmut       2%           98%         5
 Metabolic Englaciation   Hex/Ice        0%           99%         5


Dungeon Overview and Level Annotations

Branches:
Dungeon (4/15)
 Temple: D:4-7

Altars:


Innate Abilities, Weirdness & Mutations

You cannot wear most types of armour.
You are very stealthy in the water. (Stealth+)
You are amphibious.
You can wear up to eight rings at the same time.
You can use your tentacles to constrict eight enemies at once.
Your skin changes colour to match your surroundings (Stealth+).
Your rubbery body absorbs attacks. (AC +1, EV +1)


Message History

You see here a mace.
Found a hand axe.
You see here a hand axe.
There is a stone staircase leading down here.
An ogre and a phantom come into view.
The ogre shouts!
There are monsters nearby!
The phantom blinks!
The phantom misses you.
The phantom blinks!
You barely miss the phantom. You squeeze the phantom.
The phantom is lightly damaged.
The phantom hits you!
You tentacle-slap the phantom. Your squeeze misses the phantom.
The phantom is lightly damaged.
The phantom hits you.
You barely miss the phantom. Your squeeze misses the phantom.
The phantom is lightly damaged.
The phantom hits you!
You die...

.........####.#..?#.####......###
.........'..#..#..#..............
.........#####..# #.####.##...###
#.......## ##.##### #.##...#
##.....## #..# #.#..#.# ##...##
##.# #.#.##.# ##'## #.# #......#
#.# #O# ###.###### ##.#### #@#
#.#..... #.....########W#
##.#.#### ###..............#
#........ ........##########
#.#....#. ###.[...# #....#.#. #
#.)...# ###..#.#. # #######
#...... # ##..... ######


You could see a phantom and an ogre.

Vanquished Creatures
  2 orcs (D:4)
  A giant cockroach (D:4)
  2 goblins
  A frilled lizard (D:2)
  2 kobolds
  A rat (D:2)
9 creatures vanquished.

Notes
Turn   | Place    | Note
-------+----------+-------------------------------------------
     0 | D:1      | Zeld the Octopode Transmuter began the quest for the Orb.
     0 | D:1      | Reached XP level 1. HP: 13/13 MP: 3/3
     9 | D:1      | Noticed a bullfrog
   178 | D:3      | Noticed an orc wizard
   179 | D:3      | Noticed an orc priest
   180 | D:3      | Noticed an orc wizard
   190 | D:4      | Reached XP level 2. HP: 3/18 MP: 5/5
   536 | D:4      | Learned a level 2 spell: Wereblood
  1121 | D:4      | Noticed an ogre
  1121 | D:4      | Noticed a phantom
  1130 | D:4      | Slain by a phantom

Illustrated notes

Levels and vault maps discovered:
D:1:      evilmike_arrival_come_back, layout_rooms
D:2:      layout_basic
D:3:      layout_rooms, lemuel_zombie_altar_yredelemnul,
          minmay_stone_trees_medium, nrook_mini_backslash
D:4:      layout_loops_corners, marbit_many_paths, serial_shops,
          kennysheep_mini, roderic_nine_men_s_morris

Action                   || total
-------------------------++-------
Melee: Unarmed           ||    23
       Constrict         ||     5
       Tentacles         ||     4
       Kick              ||     4
 Cast: Beastly Appendage ||     6
 Stab: Sleeping          ||     2
Dodge: Dodged            ||    16
